 Dungeon Crawl Stone Soup version 0.26.0-18-gc5c842f807 (webtiles) character file.

Game seed: 1101308407658556242

1220 thiole the Sneak (level 8, -1/51 HPs)
             Began as an Octopode Hedge Wizard on Jan 24, 2021.
             Was an Initiate of Gozag.
             Slain by Prince Ribbit (10 damage)
             ... on level 6 of the Dungeon.
             The game lasted 00:20:33 (9066 turns).

thiole the Sneak (Octopode Hedge Wizard)            Turns: 9066, Time: 00:20:34

Health: -1/51      AC:  3    Str: 10    XL:     8   Next: 47%
Magic:  6/15       EV: 13    Int: 24    God:    Gozag
Gold:   467        SH:  0    Dex: 11    Spells: 8/16 levels left

rFire    . . .     SeeInvis .   c - +0 short sword (freeze)
rCold    . . .     Faith    .   (no shield)
rNeg     . . .     Spirit   .   b - +2 hat
rPois    +         Reflect  .   (no amulet)
rElec    .         Harm     .   k - ring of stealth
rCorr    .         Rampage  .   C - ring of poison resistance (curse)
Will     .....                  D - +6 ring of intelligence
Stlth    +++++.....             (no ring)
HPRegen  0.17/turn              (no ring)
MPRegen  0.14/turn              (no ring)
                                (no ring)
                                (no ring)

@: about to teleport, gold aura, flying, mesmerised
A: almost no armour, stealthy swim, amphibious, 8 rings, constrict 8, camouflage
1, gelatinous body 1
a: Renounce Religion, Potion Petition, Call Merchant, Bribe Branch


You were on level 6 of the Dungeon.
You worshipped Gozag.
Gozag was aware of your devotion.
You visited 2 branches of the dungeon, and saw 7 of its levels.

You collected 522 gold pieces.
You paid 55 gold pieces to Gozag.

Inventory:

Hand Weapons
 a - a +0 dagger
 c - a +0 short sword of freezing (weapon)
Missiles
 p - 2 throwing nets
 q - 190 stones
 v - 13 boomerangs (quivered)
Armour
 b - a +2 hat (worn)
Jewellery
 k - a ring of stealth (left tentacle)
 C - a cursed ring of poison resistance (right tentacle)
 D - a +6 ring of intelligence (on tentacle)
Wands
 u - a wand of iceblast (6)
 F - a wand of disintegration (8)
Scrolls
 d - 3 scrolls of remove curse
 f - 5 scrolls of enchant armour
 h - 5 scrolls of teleportation
 l - 2 scrolls of immolation {unknown}
 m - a scroll of blinking {unknown}
 r - 10 scrolls of identify {unknown}
 w - a scroll of amnesia {unknown}
 y - a scroll of noise {unknown}
 A - 4 scrolls of enchant weapon {unknown}
 G - a scroll of fog {unknown}
Potions
 e - 4 potions of attraction
 g - a potion of invisibility {unknown}
 i - a potion of resistance {unknown}
 n - 3 potions of flight
 o - 2 potions of might {unknown}
 s - a potion of haste {unknown}
 t - a potion of brilliance {unknown}
 x - a potion of berserk rage {unknown}
 z - a potion of ambrosia {unknown}
 B - a potion of mutation {unknown}
 E - a potion of lignification {unknown}


   Skills:
 * Level 2.4 Fighting
 - Level 2.0 Dodging
 + Level 6.6 Stealth
 + Level 4.9 Spellcasting
 - Level 4.0 Conjurations
 - Level 2.0 Summonings
 - Level 1.0 Translocations
 + Level 2.0 Ice Magic
 - Level 5.0 Air Magic


You had 8 spell levels left.
You knew the following spells:

 Your Spells              Type           Power        Failure   Level
a - Magic Dart            Conj           100%         1%          1
b - Call Imp              Summ           15%          6%          2
c - Slow                  Hex            5%           14%         2
d - Mephitic Cloud        Conj/Pois/Air  20%          8%          3

Your spell library contained the following spells:

 Spells                   Type           Power        Failure   Level
 Beastly Appendage        Tmut           10%          9%          1
 Blink                    Tloc           N/A          9%          2
 Conjure Flame            Conj/Fire      15%          12%         3
 Wereblood                Tmut           5%           14%         2
 Spider Form              Tmut/Pois      2%           26%         3
 Ice Form                 Ice/Tmut       10%          50%         4
 Blade Hands              Tmut           2%           94%         5


Dungeon Overview and Level Annotations

Branches:
Dungeon (6/15)             Temple (1/1) D:4

Altars:
Ashenzari
Cheibriados
Dithmenos
Gozag
Hepliaklqana
Kikubaaqudgha
Makhleb
Nemelex Xobeh
Qazlal
Ru
Trog
Vehumet
Wu Jian
Xom
Yredelemnul
Zin
The Shining One

Annotations:
D:3 Grinder
D:6 Maggie, Prince Ribbit


Innate Abilities, Weirdness & Mutations

You cannot wear most types of armour.
You are very stealthy in the water. (Stealth+)
You are amphibious.
You can wear up to eight rings at the same time.
You can use your tentacles to constrict eight enemies at once.
Your skin changes colour to match your surroundings (Stealth+).
Your rubbery body absorbs attacks. (AC +1, EV +1)


Message History

Prince Ribbit resists with some effort.
Prince Ribbit closely misses you.
The bullfrog closely misses your crimson imp.
Prince Ribbit hits you.
Your crimson imp blinks!
The bullfrog hits your crimson imp.
Your crimson imp hits Prince Ribbit.
As you read the scroll of teleportation, it crumbles to dust.
You feel strangely unstable. Prince Ribbit misses you.
The bullfrog hits your crimson imp.
Your crimson imp closely misses Prince Ribbit.
You cannot move away from Maggie!
It was a potion of flight.
You feel very buoyant.
You fly up into the air.
Prince Ribbit hits you!
* * * LOW HITPOINT WARNING * * *
The bullfrog closely misses your crimson imp.
Maggie hits your crimson imp with a +0 broad axe!
Your crimson imp dies!
Prince Ribbit hits you!
You die...
Your body crumbles into a pile of gold.

# ####### #. ##...>.# #.
#######...##.# #########
.####.##.##......##.## #........
......?F#.#.##@..#...####.#######
.####5F###..$.FF@..........#
......@.#.#.######§.5####..#
.#####.#.##.# ##........#
#F####.# ############ #. #.# #.#
FF ..# ♣♣♣♣♣##.#### #. ###
#####♣♣♣.♣........# #.
#...#♣..♣......)#.# #.
#...).♣♣♣♣........#


You could see Maggie (mesmerising), Prince Ribbit, a bullfrog and a friendly
crimson imp (summoned).

Vanquished Creatures
  Eustachio (D:6)
  A water moccasin (D:5)
  An ice beast (D:5)
  A phantom (D:6)
  Blork the orc (D:6)
  A bullfrog (D:6)
  A scorpion (D:5)
  2 hounds
  A jelly (D:5)
  2 orc priests (D:5)
  2 centaur skeletons
  Crazy Yiuf (D:6)
  An iguana (D:5)
  An orc wizard (D:5)
  4 worker ants (D:4)
  A hound zombie (D:6)
  3 gnolls (D:4)
  An adder (D:5)
  An ooze (D:2)
  3 worms
  2 leopard geckos
  7 orcs
  3 ball pythons
  5 bats
  2 giant cockroaches
  7 goblins
  7 hobgoblins
  5 jackals (D:4)
  3 quokkas
  3 frilled lizards
  A jackal zombie (D:6)
  4 kobolds
  A leopard gecko zombie (D:5)
  6 rats
86 creatures vanquished.

Vanquished Creatures (collateral kills)
  An ice beast (D:6)
  An ogre (D:5)
  2 howler monkeys
  An orc priest (D:5)
  A centaur skeleton (D:4)
  2 worker ants (D:4)
  2 adders
  A gnoll (D:4)
  2 orcs (D:5)
  A jackal (D:4)
14 creatures vanquished.

Vanquished Creatures (others)
  2 plants (D:2)
2 creatures vanquished.

Grand Total: 102 creatures vanquished

Notes
Turn   | Place    | Note
-------+----------+-------------------------------------------
     0 | D:1      | thiole the Octopode Hedge Wizard began the quest for the
                  | Orb.
     0 | D:1      | Reached XP level 1. HP: 11/11 MP: 4/4
   276 | D:1      | Reached XP level 2. HP: 17/17 MP: 4/6
   596 | D:1      | Reached skill level 3 in Stealth
  1449 | D:2      | Reached XP level 3. HP: 21/21 MP: 0/7
  1529 | D:2      | Found a faded altar of an unknown god.
  2581 | D:3      | Learned a level 2 spell: Call Imp
  2584 | D:3      | Learned a level 2 spell: Slow
  2588 | D:3      | Learned a level 3 spell: Mephitic Cloud
  2616 | D:3      | Noticed Grinder
  3208 | D:3      | Reached XP level 4. HP: 25/27 MP: 3/8
  3329 | D:4      | Reached skill level 1 in Air Magic
  3436 | D:4      | Noticed an ogre
  4088 | D:4      | Reached XP level 5. HP: 24/31 MP: 0/10
  4178 | D:4      | Reached skill level 4 in Stealth
  4750 | D:4      | Found a staircase to the Ecumenical Temple.
  4755 | Temple   | Entered the Ecumenical Temple
  4872 | Temple   | Became a worshipper of Gozag Ym Sagoz the Greedy
  4929 | D:4      | Found a stormy altar of Qazlal.
  5295 | D:4      | Reached XP level 6. HP: 32/36 MP: 3/11
  6418 | D:5      | Entered Level 5 of the Dungeon
  6448 | D:5      | Noticed an ice beast
  6638 | D:5      | Killed an ice beast
  6639 | D:5      | Reached skill level 5 in Stealth
  6639 | D:5      | Reached XP level 7. HP: 24/41 MP: 2/13
  7645 | D:5      | Found a hazy altar of Hepliaklqana.
  7699 | D:5      | Found a bloodstained altar of Trog.
  8083 | D:6      | Reached skill level 6 in Stealth
  8279 | D:6      | Noticed Eustachio
  8303 | D:6      | Noticed Blork the orc
  8308 | D:6      | Killed Blork the orc
  8309 | D:6      | Reached XP level 8. HP: 41/47 MP: 13/15
  8343 | D:6      | Reached skill level 1 in Fighting
  8544 | D:6      | Killed Eustachio
  8545 | D:6      | Reached skill level 1 in Ice Magic
  8545 | D:6      | Reached skill level 5 in Air Magic
  8586 | D:6      | Found a runed translucent door.
  8587 | D:6      | Noticed Crazy Yiuf
  8649 | D:6      | Killed Crazy Yiuf
  9028 | D:6      | Noticed Prince Ribbit
  9047 | D:6      | Noticed Maggie
  9066 | D:6      | Slain by Prince Ribbit

Illustrated notes

Levels and vault maps discovered:
D:1:      dpeg_arrival_court, layout_basic, kennysheep_small_spiral
D:2:      layout_loops_ring, chequers_ecumenical_altar_simple, serial_forest,
          infiniplex_forest_lined_2, infiniplex_forest_straight_1,
          infiniplex_forest_straight_2, infiniplex_forest_end_3,
          infiniplex_forest_corner_1, infiniplex_forest_clump_long,
          infiniplex_forest_corner_2
D:3:      layout_basic, uniq_grinder
D:4:      layout_basic, temple_doors_e, nicolae_qazlal_eye_of_the_storm
D:5:      layout_basic, bloody_trog, lemuel_coloured_pillars_altar,
          kennysheep_minor_cross, minmay_misc_feat_diagonals,
          grunt_ministairs_13
D:6:      layout_loops_ring, kennysheep_mini_moat,
          gammafunk_temple_overflow_wave, tgw_fedhas, uniq_crazy_yiuf_cottage,
          uniq_blork_the_orc, uniq_maggie, uniq_eustachio, uniq_prince_ribbit1
Temple:   nicolae_temple_elliptical

Skill      XL: |  1  2  3  4  5  6  7  8 |
---------------+-------------------------+-----
Stealth        | 3 4 5 6 |  6.6
Conjurations   | 2 3 4 |  4.0
Summonings     | 2 |  2.0
Air Magic      | 1 2 3 4 5 |  5.0
Spellcasting   | 4 |  4.9
Fighting       | 2 |  2.4
Ice Magic      | 2 |  2.0
Dodging        | |  2.0
Translocations | |  1.0

Action                   |  1- 3 |  4- 6 |  7- 9 || total
-------------------------+-------+-------+-------++-------
Melee: Dagger            |     5 |       |       ||     5
       Constrict         |     4 |    16 |    10 ||    30
       Short sword       |    12 |    74 |    80 ||   166
       Tentacles         |     4 |    14 |    11 ||    29
Throw: Boomerang         |       |       |     2 ||     2
 Cast: Magic Dart        |    94 |    46 |    19 ||   159
       Call Imp          |       |    35 |    38 ||    73
Evoke: Wand              |       |     2 |     6 ||     8
  Use: Scroll            |     2 |       |     4 ||     6
       Potion            |       |     2 |     3 ||     5
 Stab: Sleeping          |     2 |     2 |     2 ||     6
       Paralysed         |       |     4 |       ||     4
Armor: Skin              |       |     3 |     3 ||     6
Dodge: Dodged            |    17 |    46 |    57 ||   120
